 Dungeon Crawl Stone Soup version 0.31-a0-833-gc15d34cb79 (webtiles) character file.

Game seed: 7109104958752389057

1070 beavisfan the Ruffian (level 8, -2/70 HPs)
             Began as a Troll Shapeshifter on Sept 25, 2023.
             Was a Believer of Jiyva.
             Slain by an orc warrior
             ... wielding a +0 glaive
              (7 damage)
             ... on level 5 of the Dungeon.
             The game lasted 00:04:50 (3684 turns).

beavisfan the Ruffian (Troll Shapeshifter)          Turns: 3684, Time: 00:04:50

Health: -2/70      AC:  7    Str: 23    XL:     8   Next: 7%
Magic:  0/7        EV:  9    Int:  8    God:    Jiyva [**....]
Gold:   242        SH:  0    Dex:  9    Spells: 7/7 levels left

rFire   . .          .
                       - Unarmed
rCold   . . .        (shield currently unavailable)
rNeg    . . .        a - +0 animal skin
rPois   +            (helmet restricted)
rElec   .            r - +2 cloak {rPois}
rCorr   +            (gloves unavailable)
SInv    .            (boots unavailable)
Will    .....        o - amulet of guardian spirit
Stlth   +            (no ring)
HPRegen 2.07/turn    (no ring)
MPRegen 0.40/turn

%: guardian spirit
@: flux-form, glowing
A: glow, contaminating, reduced hp, large, unfitting armour, claws 3,
regeneration 1, shaggy fur 1, tough skin 1
a: Begin Untransformation, Renounce Religion


You were on level 5 of the Dungeon.
You worshipped Jiyva.
Jiyva was pleased with you.
You were something dangerously unstable.
You visited 1 branch of the dungeon, and saw 5 of its levels.
You also visited: Sewer.

You collected 242 gold pieces.

Inventory:

Armour
 a - a +0 animal skin (worn)
 r - a +2 cloak of poison resistance (worn)
Jewellery
 o - an amulet of guardian spirit (around neck)
Talismans
 c - a beast talisman
 d - a flux talisman (active)
 h - a storm talisman
Wands
 k - a wand of iceblast (13)
 v - a wand of polymorph (10)
 y - a wand of paralysis (5)
Scrolls
 l - 3 scrolls of teleportation
 m - a scroll of fog {unknown}
 n - a scroll of silence {unknown}
 p - a scroll of identify {unknown}
 s - 2 scrolls of noise
 w - a scroll of immolation {unknown}
 x - a scroll of poison {unknown}
Potions
 b - a potion of lignification
 e - 2 potions of degeneration {unknown}
 f - a potion of might {unknown}
 g - 2 potions of invisibility {unknown}
 i - a potion of curing {unknown}
 j - 3 potions of haste {unknown}
 t - 2 potions of heal wounds {unknown}
 u - a potion of cancellation {unknown}
 z - a potion of berserk rage {unknown}


   Skills:
 + Level 3.4 Fighting
 - Level 1.5 Dodging
 * Level 6.5 Unarmed Combat
 * Level 6.3 Shapeshifting


You had 7 spell levels left.
You didn't know any spells.
Your spell library contained the following spells:

 Spells                   Type           Power      Damage    Failure   Level
 Hailstorm                Conj/Ice       0%         3d3       78%         3
 Ignite Poison            Fire/Tmut/Pois 0%         N/A       78%         3
 Sticky Flame             Conj/Fire      0%         2d3       99%         4
 Summon Ice Beast         Ice/Summ       0%         N/A       99%         4
 Simulacrum               Ice/Necr       0%         N/A       100%        6
 Haunt                    Necr/Summ      0%         N/A       100%        7
 Borgnjor's Revivificati  Necr           0%         N/A       100%        8
 Ignition                 Fire           0%         3d3       100%        8
 Death's Door             Necr           0%         N/A       100%        9


Dungeon Overview and Level Annotations

Branches:
Dungeon (5/15)              Sewer (visited)
 Temple: D:4-7

Altars:


Innate Abilities, Weirdness & Mutations

You are something dangerously unstable.
You glow with magical radiation, making you easy to see and hit.
Foes you strike become dangerously contaminated with magical radiation.
Your maximum health is decreased, since you lack skill for your form.
You are incapable of wielding weapons or throwing items.
You are too large for most types of armour.
You have claws for hands.
Your natural rate of healing is unusually fast.
You are covered in fur. (AC +1)
You have tough skin. (AC +1)


Message History

The orc priest mumbles some strange prayers to Beogh against you.
Beogh smites you!
* * * LOW HITPOINT WARNING * * *
The gnoll attacks as it pursues you! The gnoll hits you but does no damage.
The sentinel's mark upon you fades away.
The gnoll attacks as it pursues you!
The gnoll hits you from afar with a +0 spear.
* * * LOW HITPOINT WARNING * * *
The gnoll hits you from afar with a +0 spear!
* * * LOW HITPOINT WARNING * * *
The gnoll is no longer moving quickly.
The gnoll stops glowing.
The gnoll attacks as it pursues you! The gnoll hits you but does no damage.
The gnoll attacks as it pursues you! The gnoll hits you but does no damage.
You barely miss the gnoll.
The gnoll is moderately wounded.
The gnoll hits you with a +0 spear.
You scratch the gnoll.
The gnoll begins to glow.
The gnoll is severely wounded.
The orc warrior closely misses you. The gnoll hits you with a +0 spear.
You claw the gnoll!
You kill the gnoll!
The orc warrior hits you from afar with a +0 glaive.
The orc warrior hits you with a +0 glaive!
The gnoll barely misses you.
Things that are here:
a +0 spear; a gnoll corpse You closely miss the orc warrior.
The orc warrior barely misses you.
The gnoll hits you from afar with a +0 spear.
You scratch the orc warrior but do no damage.
The orc warrior begins to glow.
The orc warrior hits you with a +0 glaive!!
* * * LOW HITPOINT WARNING * * *
The gnoll hits you from afar with a +0 spear!
* * * LOW HITPOINT WARNING * * *
You claw the orc warrior!
The orc warrior glows dangerously bright.
The orc warrior is moderately wounded.
The orc warrior hits you with a +0 glaive!
You die...

### #.#
#.# #p#
###
#o###.#
.#
#og...#
#.# ..#
####.##
... #.#
#.## #.#
#.#
##.##
#.# #.#
##o###.#
#.#
#o...#
#.#####
##.#.##


You could see an orc warrior (heavy contam), an orc priest and a gnoll.

Vanquished Creatures
  Grinder (D:3)
  An ogre (D:4)
  2 howler monkeys (D:4)
  3 hounds
  Crazy Yiuf (D:2)
  2 jellies (Sewer)
  A gnoll bouda (D:5)
  An iguana (D:4)
  Ijyb (D:4)
  Natasha (thrice) (D:2)
  An orc wizard (D:4)
  21 gnolls
  6 adders
  2 river rats (Sewer)
  A worm (D:3)
  2 dart slugs
  22 orcs
  7 ball pythons
  11 endoplasms
  11 giant cockroaches
  7 goblins
  12 hobgoblins
  13 jackals
  6 quokkas
  7 bats
  3 frilled lizards
  5 kobolds
  10 rats
163 creatures vanquished.

Vanquished Creatures (others)
  5 jellies (D:4)
  3 gnolls (D:4)
  An orc (D:4)
  A giant cockroach (Sewer)
10 creatures vanquished.

Grand Total: 173 creatures vanquished

Notes
Turn   | Place    | Note
-------+----------+-------------------------------------------
     0 | D:1      | beavisfan the Troll Shapeshifter began the quest for the
                  | Orb.
     0 | D:1      | Reached XP level 1. HP: 18/18 MP: 0/0
   144 | D:1      | Reached skill level 1 in Fighting
   158 | D:1      | Reached XP level 2. HP: 18/27 MP: 1/1
   443 | D:1      | Reached XP level 3. HP: 33/33 MP: 2/2
   811 | D:2      | Noticed Natasha
   816 | D:2      | Killed Natasha
   817 | D:2      | Reached XP level 4. HP: 38/41 MP: 3/3
  1053 | D:2      | Found a runed translucent door.
  1053 | D:2      | Identified the +10 hammer of Hard Scrabble {freeze, Dex+2}
  1054 | D:2      | Noticed Crazy Yiuf
  1138 | D:2      | Noticed Natasha
  1149 | D:2      | Killed Natasha
  1191 | D:2      | Noticed Natasha
  1198 | D:2      | Killed Natasha
  1429 | D:2      | Killed Crazy Yiuf
  1430 | D:2      | Reached XP level 5. HP: 34/49 MP: 4/4
  1821 | D:3      | Found a glowing drain.
  1836 | Sewer    | Entered a sewer
  1965 | Sewer    | Found a viscous altar of Jiyva.
  1969 | Sewer    | Reached XP level 6. HP: 42/57 MP: 5/5
  1990 | Sewer    | Became a worshipper of Jiyva Jaorit the Shapeless
  2070 | D:3      | Noticed Grinder
  2074 | D:3      | Killed Grinder
  2075 | D:3      | Reached skill level 5 in Unarmed Combat
  2075 | D:3      | Reached skill level 5 in Shapeshifting
  2388 | D:3      | Found a faded altar of an unknown god.
  2482 | D:4      | Reached XP level 7. HP: 42/66 MP: 2/6
  2616 | D:4      | Reached * piety under Jiyva
  2821 | D:4      | Noticed Ijyb
  2825 | D:4      | Killed Ijyb
  3098 | D:4      | Reached ** piety under Jiyva
  3604 | D:5      | Entered Level 5 of the Dungeon
  3656 | D:5      | Reached XP level 8. HP: 61/75 MP: 5/7
  3683 | D:5      | HP: 3/70 [gnoll/+0 spear[a gnoll bouda] (6)]
  3684 | D:5      | Slain by an orc warrior

Illustrated notes

Levels and vault maps discovered:
D:1:      erik_arrival_triangle_huge, layout_basic, dk_noncrumbling_2,
          minmay_small_reverse_x
D:2:      layout_loops_cross, chequers_hall_statues_corner_a, uniq_natasha,
          uniq_crazy_yiuf_cottage
D:3:      layout_basic, shapermc_ecumenical_altar_mp_ritualfount,
          gup_sewer_entry_pipe, uniq_grinder
D:4:      lemuel_castle_with_subvaults [lemuel_castle_interior_carwin_3],
          layout_basic, serial_corexii_hall, corexii_hall_statues_u,
          corexii_hall_statues_x, uniq_ijyb
D:5:      layout_loops_ring, mainiacjoe_overflow_big_doors,
          minmay_temple_entry_gardened_gates

Skill      XL: |  1  2  3  4  5  6  7 |
---------------+----------------------+-----
Fighting       | 1 2 3 |  3.4
Unarmed Combat | 4 5 6 |  6.5
Shapeshifting  | 4 5 6 |  6.3
Dodging        | |  1.5

Action                     |  1- 3 |  4- 6 |  7- 9 || total
---------------------------+-------+-------+-------++-------
  Melee: Unarmed           |    69 |   154 |   203 ||   426
         Punch             |     2 |       |       ||     2
    Use: Scroll            |       |       |     2 ||     2
 Armour: Animal skin       |    41 |    96 |   194 ||   331
  Dodge: Dodged            |    20 |    54 |   116 ||   190
   Form: Flux              |       |     1 |       ||     1

Table legend: (Time is in decaauts)
 A = Elapsed time spent in this place.
 B = Non-inter-level travel time spent in this place.
 C = Inter-level travel time spent in this place.
 D = Time resting spent in this place.
 E = Time spent auto-exploring this place.
 F = Levels seen in this place.
 G = Mean time per level.
                   A        B        C        D        E       F      G
               +--------+--------+--------+--------+--------+-----+--------+
         Total |   3642 |   3524 |    118 |      0 |   2647 |   6 |  607.0 |
       Dungeon |   3426 |   3308 |    118 |      0 |   2538 |   5 |  685.2 |
         Sewer |    216 |    216 |      0 |      0 |    109 |   1 |  216.0 |
               +--------+--------+--------+--------+--------+-----+--------+

Top non-repeatable levels by time:
     D:4: 1157 daAuts
     D:2: 824 daAuts
     D:1: 705 daAuts
     D:3: 661 daAuts
   Sewer: 216 daAuts
     D:5: 77 daAuts
